 Dungeon Crawl Stone Soup version 0.25-a0-98-g0cf78c2f83 (webtiles) character file.

Game seed: 14694982330034657405, levelgen mode: deterministic

6997 Arixos the Martial Artist (level 10, -3/80 (81) HPs)
             Began as a Demonspawn Monk on Nov 13, 2019.
             Was the Champion of Ru.
             Blown up by an eye of devastation (17 damage)
             ... with a bolt of energy
             ... on level 11 of the Dungeon.
             The game lasted 00:54:24 (16587 turns).

Arixos the Martial Artist (Demonspawn Monk)        Turns: 16587, Time: 00:54:25

HP:   -3/80 (81)    AC: 15    Str: 15    XL:     10   Next: 82%
MP:   10/10         EV:  7    Int: 19    God:    Ru [******]
Gold: 672           SH:  0    Dex: 16    Spells: 9/9 levels left

rFire    + . .     SeeInvis .   j - +2 trident (flame)
rCold    + . .     Gourm    .   (no shield)
rNeg     . . .     Faith    .   s - +0 plate armour
rPois    .         Spirit   .   (helmet restricted)
rElec    .         Reflect  .   L - scarf {rC+ rF+}
rCorr    .         Harm     .   g - +1 pair of gloves
MR       .....                  w - +0 pair of boots
Stlth    ..........             K - amulet of regeneration
HPRegen  0.63/turn              i - +2 ring of intelligence
MPRegen  0.12/turn              v - +6 ring of intelligence

@: no potions, heavily drained
A: antennae 1, hooves 2, rot immunity, inability to drink while threatened, no
stealth, no poison magic, no translocations magic, no transmutations magic,
inexperienced 1
a: Draw Out Power, Power Leap, Apocalypse, Renounce Religion


You were on level 11 of the Dungeon.
You worshipped Ru.
Ru was exalted by your worship.
You were very hungry.

You visited 2 branches of the dungeon, and saw 12 of its levels.
You also visited: Sewer and Ossuary.

You collected 672 gold pieces.

Inventory:

Hand Weapons
 j - a +2 trident of flaming (weapon)
Missiles
 t - 45 poisoned darts (quivered)
 H - 8 curare-tipped darts
Armour
 g - a +1 pair of gloves (worn)
 s - a +0 plate armour (worn)
 w - a +0 pair of boots (worn)
 L - a scarf of resistance (worn)
Jewellery
 i - a +2 ring of intelligence (left hand)
 v - a +6 ring of intelligence (right hand)
 K - an amulet of regeneration (around neck)
Wands
 o - a wand of paralysis (5)
 A - a wand of flame (10)
 B - a wand of random effects (20)
 E - a wand of clouds (8)
 M - a wand of polymorph (15)
Scrolls
 a - 7 scrolls of identify
 e - a scroll of blinking {unknown}
 f - 3 scrolls of enchant armour
 m - 5 scrolls of remove curse
 r - a scroll of fog {unknown}
 y - a scroll of fear {unknown}
 D - a scroll of vulnerability {unknown}
 F - a scroll of random uselessness {unknown}
 I - a scroll of silence {unknown}
 J - 2 scrolls of noise {unknown}
Potions
 c - 2 potions of lignification {unknown}
 d - a potion of degeneration {unknown}
 h - 3 potions of haste {unknown}
 k - 3 potions of curing {unknown}
 l - 7 potions of might {unknown}
 n - 3 potions of flight {unknown}
 p - 2 potions of agility {unknown}
 q - 2 potions of brilliance {unknown}
 u - 2 potions of mutation {unknown}
 x - a potion of cancellation {unknown}
 z - 2 potions of heal wounds {unknown}
 C - a potion of ambrosia {unknown}
 G - a potion of resistance {unknown}
Comestibles
 b - 16 rations


   Skills:
 + Level 8.3(6.8) Fighting
 + Level 6.9(5.4) Armour
 + Level 7.6(6.1) Dodging
 * Level 10.3(8.6) Unarmed Combat


You had 9 spell levels left.
You didn't know any spells.
Your spell library contained the following spells:

 Spells                   Type           Power        Failure   Level  Hunger
 Animate Skeleton         Necr           N/A          100%        1    ##.....
 Pain                     Necr           #...         100%        1    ##.....
 Conjure Flame            Conj/Fire      #.......     100%        3    ####...
 Regeneration             Chrm/Necr      #.........   100%        3    ####...
 Vampiric Draining        Necr           #.........   100%        3    ####...
 Animate Dead             Necr           N/A          100%        4    #####..
 Freezing Cloud           Conj/Ice/Air   #.........   100%        6    #######
 Ring of Flames           Chrm/Fire      #.........   100%        7    #######
 Poisonous Vapours        Pois/Air       Unusable     N/A         2    N/A
 Mephitic Cloud           Conj/Pois/Air  Unusable     N/A         3    N/A

Dungeon Overview and Level Annotations

Branches:
Dungeon (11/15)            Temple (1/1) D:4           Sewer (visited)
Ossuary (visited)
   Lair: D:8-11         Orc: D:9-12

Altars:
Ashenzari
Cheibriados
Dithmenos
Elyvilon
Fedhas
Gozag
Hepliaklqana
Kikubaaqudgha
Makhleb
Nemelex Xobeh
Okawaru
Qazlal
Ru
Sif Muna
Trog
Uskayaw
Vehumet
Wu Jian
Xom
Yredelemnul
Zin
The Shining One

Annotations:
D:10 3 runed translucent doors, anet's ghost, journeyman DEWz


Innate Abilities, Weirdness & Mutations

You have a pair of small antennae on your head.
You have hoof-like feet.
You are immune to rotting.
You cannot drink potions while threatened.
You cannot be stealthy.
You cannot study or cast Poison magic.
You cannot study or cast Translocations magic.
You cannot study or cast Transmutations magic.
You are somewhat inexperienced. (-2 XL)


Message History

The eye of devastation is almost dead.
The eye of devastation gazes at you. The bolt of energy hits you!!
* * * LOW HITPOINT WARNING * * *
You hit the eye of devastation but do no damage.
The eye of devastation is almost dead.
The eye of devastation gazes at you. The bolt of energy hits you.
* * * LOW HITPOINT WARNING * * *
You hit the eye of devastation. You burn the eye of devastation.
The eye of devastation is almost dead.
The eye of devastation begins to attack, but is stunned by your will!
You hit the eye of devastation. You burn the eye of devastation.
The eye of devastation is almost dead.
The eye of devastation is stunned by your will and fails to attack.
You hit the eye of devastation but do no damage.
The eye of devastation is almost dead.
The eye of devastation gazes at you. The bolt of energy hits you!
You die...

### #<# #.#
#.# #.# #.#
#.#
#########.#
#....G@...#
......#######
..... ....
G.. ##


You could see an eye of devastation.

Vanquished Creatures
  A death yak (D:10)
  An unseen horror (D:10)
  A wind drake (D:10)
  A troll (D:10)
  A hippogriff (D:10)
  A wraith (D:10)
  3 yaks (D:10)
  A hungry ghost (D:8)
  A hog (D:10)
  A water moccasin (D:11)
  3 phantoms
  4 sky beasts
  2 ice beasts
  5 orc warriors
  A necrophage (D:6)
  2 ogres
  2 centaurs
  A big kobold (D:9)
  An elf zombie (Ossuary)
  5 bullfrogs
  2 scorpions
  14 killer bees
  6 howler monkeys
  4 crimson imps
  2 human zombies (Ossuary)
  6 orc priests
  4 centaur zombies
  7 hounds
  A gnoll shaman (D:8)
  7 jellies
  7 orc wizards
  2 iguanas
  9 worker ants
  2 big kobold zombies (Ossuary)
  2 hound zombies (Ossuary)
  3 mummies (Ossuary)
  A hound skeleton (D:5)
  A worker ant zombie (D:10)
  7 gnolls
  A howler monkey skeleton (D:4)
  14 adders
  2 shadow imps
  6 oozes
  An adder skeleton (D:8)
  2 adder zombies
  2 worms (D:2)
  A dart slug (D:2)
  2 leopard geckos
  42 orcs
  4 bats
  5 giant cockroaches
  3 gnoll zombies (Ossuary)
  7 goblins
  9 hobgoblins
  17 jackals
  6 quokkas
  8 ball pythons
  5 frilled lizards
  A goblin zombie (Ossuary)
  4 hobgoblin zombies (Ossuary)
  A jackal skeleton (D:8)
  12 jackal zombies (Ossuary)
  11 kobolds
  2 kobold zombies (Ossuary)
  2 quokka zombies (Ossuary)
  10 rats
  3 rat zombies (Ossuary)
308 creatures vanquished.

Vanquished Creatures (others)
  A hungry ghost (D:10)
  An ogre (D:10)
  A bullfrog (D:8)
  An iguana (D:6)
  A worker ant zombie (D:8)
5 creatures vanquished.

Grand Total: 313 creatures vanquished

Notes
Turn   | Place    | Note
-------+----------+-------------------------------------------
     0 | D:1      | Arixos the Demonspawn Monk began the quest for the Orb.
     0 | D:1      | Reached XP level 1. HP: 18/18 MP: 1/1
   123 | D:1      | Gained mutation: You have large cloven feet. [demonic
                  | ancestry]
   123 | D:1      | Reached XP level 2. HP: 4/24 MP: 2/2
  1123 | D:1      | Reached skill level 1 in Armour
  1510 | D:2      | Reached skill level 3 in Unarmed Combat
  1510 | D:2      | Reached XP level 3. HP: 29/29 MP: 3/3
  2188 | D:2      | Reached XP level 4. HP: 27/35 MP: 4/4
  2413 | D:2      | Found a blossoming altar of Fedhas.
  2619 | D:3      | Found a glowing drain.
  2667 | Sewer    | Entered a sewer
  3629 | D:2      | Gained mutation: You have a pair of small antennae on your
                  | head. [demonic ancestry]
  3629 | D:2      | Reached XP level 5. HP: 24/42 MP: 5/5
  4526 | D:3      | Found a glowing golden altar of the Shining One.
  4711 | D:4      | Reached skill level 4 in Unarmed Combat
  4719 | D:4      | Noticed a centaur
  4733 | D:4      | Killed a centaur
  4733 | D:4      | Reached XP level 6. HP: 33/48 MP: 6/6
  5273 | D:4      | Found a staircase to the Ecumenical Temple.
  5377 | Temple   | Entered the Ecumenical Temple
  5569 | Temple   | Became a worshipper of Ru the Awakened
  5574 | Temple   | Gained mutation: You cannot drink potions while threatened.
                  | [Ru sacrifice]
  5574 | Temple   | Reached * piety under Ru
  5869 | D:5      | Entered Level 5 of the Dungeon
  6441 | D:5      | Noticed a sky beast
  6456 | D:5      | Killed a sky beast
  6456 | D:5      | Reached XP level 7. HP: 23/55 MP: 7/7
  6820 | D:6      | Reached skill level 5 in Unarmed Combat
  7540 | D:6      | Reached skill level 5 in Fighting
  7948 | D:6      | Reached XP level 8. HP: 59/61 MP: 8/8
  8600 | D:6      | Found a shimmering blue altar of Sif Muna.
  8640 | D:6      | Reached skill level 6 in Unarmed Combat
  8974 | D:7      | Noticed an angel
  8986 | D:7      | Found a glowing silver altar of Zin.
  8986 | D:7      | Found a shimmering altar of Xom.
  9008 | D:7      | Reached skill level 5 in Dodging
  9096 | D:7      | Found a sand-covered staircase.
  9192 | Ossuary  | Entered an ossuary
  9417 | Ossuary  | Gained mutation: You are somewhat inexperienced. (-2 XL)
                  | [Ru sacrifice]
  9417 | Ossuary  | Reached XP level 7. HP: 55/55 MP: 7/7
  9417 | Ossuary  | Reached XP level 6. HP: 50/50 MP: 6/6
  9417 | Ossuary  | Reached ** piety under Ru
  9417 | Ossuary  | Reached *** piety under Ru
  9417 | Ossuary  | Reached **** piety under Ru
  9417 | Ossuary  | Reached ***** piety under Ru
  9564 | Ossuary  | Reached XP level 7. HP: 47/56 MP: 7/7
  9964 | D:7      | Reached skill level 7 in Unarmed Combat
  9989 | D:7      | Found a shadowy altar of Dithmenos.
 10572 | D:7      | Found a burning altar of Makhleb.
 11286 | D:7      | Found an ornate altar of the Wu Jian Council.
 11296 | D:7      | Reached XP level 8. HP: 59/63 MP: 8/8
 11820 | D:8      | Gained mutation: You cannot study or cast Poison magic. [Ru
                  | sacrifice]
 11820 | D:8      | Gained mutation: You cannot study or cast Transmutations
                  | magic. [Ru sacrifice]
 11820 | D:8      | Gained mutation: You cannot study or cast Translocations
                  | magic. [Ru sacrifice]
 12118 | D:8      | Found a burning altar of Makhleb.
 12156 | D:8      | Reached skill level 5 in Armour
 12240 | D:8      | Found a radiant altar of Vehumet.
 12276 | D:8      | Reached skill level 8 in Unarmed Combat
 12904 | D:8      | Gained mutation: You have hoof-like feet. [demonic
                  | ancestry]
 12904 | D:8      | Reached XP level 9. HP: 58/70 MP: 9/9
 14067 | D:9      | Gained mutation: You cannot be stealthy. [Ru sacrifice]
 14067 | D:9      | Reached ****** piety under Ru
 14130 | D:9      | Found an ancient bone altar of Kikubaaqudgha.
 14391 | D:10     | Entered Level 10 of the Dungeon
 14602 | D:10     | Noticed a troll
 14655 | D:10     | Reached skill level 9 in Unarmed Combat
 14766 | D:10     | Noticed an unseen horror
 14773 | D:10     | Killed an unseen horror
 14814 | D:10     | Found a runed translucent gate.
 14815 | D:10     | Found a runed translucent gate.
 14816 | D:10     | Found a runed translucent gate.
 14817 | D:10     | Found an opulent altar of Gozag.
 14817 | D:10     | Noticed a green ugly thing
 14817 | D:10     | Noticed an eight-headed hydra
 14818 | D:10     | Noticed anet's ghost (journeyman DEWz)
 14840 | D:10     | Noticed a troll
 14844 | D:10     | a troll changed into a hog
 15023 | D:10     | Gained mutation: You are immune to rotting. [demonic
                  | ancestry]
 15023 | D:10     | Reached XP level 10. HP: 73/78 MP: 10/10
 15601 | D:10     | Noticed a two-headed ogre
 15602 | D:10     | Noticed an eye of devastation
 15602 | D:10     | a two-headed ogre changed into an eye of devastation
 15993 | D:10     | Reached skill level 10 in Unarmed Combat
 16109 | D:11     | Noticed a death yak
 16123 | D:11     | Noticed a death yak
 16124 | D:11     | Noticed a death yak
 16170 | D:10     | Killed a death yak
 16387 | D:11     | Noticed a cyan ugly thing
 16587 | D:11     | Blown up by an eye of devastation

Levels and vault maps discovered:
D:1:      dpeg_arrival_round_c, layout_loops_corners
D:2:      layout_loops_ring, nicolae_overflow_hidden_temple, minmay_door_square,
          minmay_cut_off
D:3:      layout_rooms, nicolae_tso_swordbearing_angel,
          cheibrodos_sewer_entry_sluice
D:4:      layout_loops_ring, temple_statues
D:5:      layout_loops_ring, first_ration, minmay_misc_feat_four_crosses
D:6:      layout_loops_ring, kennysheep_mini_moat
D:7:      layout_layer_cave, grunt_temple_overflow_order_and_chaos_1,
          nicolae_dithmenos_shadow_blocks, lemuel_crystal_altar, basic_altar,
          nicolae_ossuary_entry_false_entrances, chequers_serial_rivers_micro_b
D:8:      layout_basic, lemuel_doored_altar, lemuel_crystal_altar
D:9:      layout_cave_pools, marbit_many_paths, hangedman_little_slice_of_home
D:10:     layout_basic, ebering_ghost_gozag
D:11:     layout_basic, dpeg_lair_monsters, special_room [special_room_orc]
Temple:   hc_temple_tempest_star

Skill      XL: |  1  2  3  4  5  6  7  8  9 10 |
---------------+-------------------------------+-----
Dodging        | 3 4 6 7 |  7.6
Armour         | 1 2 3 5 6 |  6.9
Unarmed Combat | 3 4 7 8 9 10 | 10.3
Fighting       | 4 6 7 8 |  8.3
Stealth        | 0 |  0.0

Action                   |  1- 3 |  4- 6 |  7- 9 | 10-12 || total
-------------------------+-------+-------+-------+-------++-------
Melee: Dagger            |   169 |    74 |       |       ||   243
       Unarmed           |     4 |       |       |       ||     4
       Kick              |    36 |    49 |       |       ||    85
       Punch             |     1 |     2 |    29 |     6 ||    38
       Short sword       |       |    84 |       |       ||    84
       Flail             |       |   183 |   632 |       ||   815
       Trident           |       |       |   223 |   286 ||   509
Throw: Dart              |       |       |    28 |       ||    28
Invok: Sacrifice Drink   |       |     1 |       |       ||     1
       Sacrifice Experie |       |     1 |       |       ||     1
       Apocalypse        |       |       |     3 |     3 ||     6
       Sacrifice Arcana  |       |       |     1 |       ||     1
       Sacrifice Stealth |       |       |     1 |       ||     1
Evoke: Wand              |       |       |     4 |     3 ||     7
  Use: Scroll            |       |     5 |     3 |     1 ||     9
 Stab: Sleeping          |     1 |       |       |       ||     1
       Distracted        |       |       |     3 |       ||     3
       Invisible         |       |       |     5 |     4 ||     9
       Paralysed         |       |       |     5 |    14 ||    19
  Eat: Chunk             |     3 |    15 |    21 |     9 ||    48
       Ration            |       |       |     4 |     1 ||     5
Armor: Robe              |     3 |       |       |       ||     3
       Scale mail        |    50 |   112 |   237 |       ||   399
       Plate armour      |       |       |   147 |   193 ||   340
       Chain mail        |       |       |    43 |       ||    43
Dodge: Dodged            |   100 |   172 |   437 |   104 ||   813
Block: Other             |       |    41 |    66 |       ||   107
       Reflection        |       |     1 |       |       ||     1

Table legend:
 A = Non-vault XP
 B = Vault XP
 C = Vault XP percentage of total XP
 D = Non-vault monster count
 E = Vault monster count
 F = Vault count percentage of total count
                 A         B        C        D         E       F
            +---------+---------+-------+---------+---------+-------
      Total |   10037 |    1491 |  12.9 |     240 |      73 |  23.3
            +---------+---------+-------+---------+---------+-------
        D:1 |      38 |       0 |   0.0 |      20 |       0 |   0.0
        D:2 |      56 |      13 |  18.8 |      17 |       5 |  22.7
        D:3 |      75 |       1 |   1.3 |      20 |       1 |   4.8
        D:4 |     273 |       0 |   0.0 |       9 |       0 |   0.0
        D:5 |     382 |       0 |   0.0 |      13 |       0 |   0.0
        D:6 |     804 |       0 |   0.0 |      27 |       0 |   0.0
        D:7 |    1194 |       0 |   0.0 |      32 |       0 |   0.0
        D:8 |    1288 |       0 |   0.0 |      34 |       0 |   0.0
        D:9 |     955 |     160 |  14.3 |      23 |       9 |  28.1
       D:10 |    3848 |     845 |  18.0 |      35 |       1 |   2.8
       D:11 |    1124 |       2 |   0.2 |      10 |       1 |   9.1
      Sewer |       0 |      61 | 100.0 |       0 |      17 | 100.0
    Ossuary |       0 |     409 | 100.0 |       0 |      39 | 100.0
            +---------+---------+-------+---------+---------+-------
